 Dungeon Crawl Stone Soup version 0.26-a0-18-g135ff06667 (webtiles) character file.

Game seed: 7469398593124320627, levelgen mode: deterministic

1547 DerDa the Chiller (level 8, -2/55 HPs)
             Began as a Demonspawn Ice Elementalist on May 25, 2020.
             Slain by an orc warrior
             ... wielding a +0 battleaxe
              (15 damage)
             ... on level 6 of the Dungeon.
             The game lasted 00:14:24 (6455 turns).

DerDa the Chiller (Demonspawn Ice Elementalist)     Turns: 6455, Time: 00:14:25

Health: -2/55      AC:  5    Str: 17    XL:     8   Next: 57%
Magic:  10/16      EV: 18    Int: 18    God:
Gold:   272        SH:  0    Dex: 14    Spells: 3/18 levels left

rFire    . . .     SeeInvis .   s - +0 hand axe (venom)
rCold    + . .     Gourm    .   (no shield)
rNeg     . . .     Faith    .   a - +0 robe
rPois    .         Spirit   .   o - +2 helmet
rElec    .         Reflect  .   (no cloak)
rCorr    .         Harm     .   (no gloves)
MR       .....                  (boots unavailable)
Stlth    ++........             (no amulet)
HPRegen  0.18/turn              m - +6 ring of strength
MPRegen  0.15/turn              u - +4 ring of evasion

@: lethally poisoned (-2 -> -3)
A: talons 3, cold resistance 1, strong 1
a: no special abilities


You were on level 6 of the Dungeon.
You were not hungry.

You visited 1 branch of the dungeon, and saw 6 of its levels.

You collected 272 gold pieces.

Inventory:

Hand Weapons
 e - a +0 spear
 s - a +0 hand axe of venom (weapon)
Armour
 a - a +0 robe (worn)
 n - a +0 pair of boots
 o - a +2 helmet (worn)
Jewellery
 m - a +6 ring of strength (left hand)
 u - a +4 ring of evasion (right hand)
Wands
 r - a wand of acid (4)
Scrolls
 b - 5 scrolls of teleportation {unknown}
 d - a scroll of magic mapping {unknown}
 f - 5 scrolls of identify {unknown}
 k - a scroll of enchant armour {unknown}
 t - a scroll of remove curse {unknown}
 v - a scroll of enchant weapon {unknown}
Potions
 j - a potion of brilliance {unknown}
 l - a potion of stabbing {unknown}
 q - a potion of degeneration {unknown}
 w - a potion of lignification {unknown}
 x - a potion of berserk rage {unknown}
 z - a potion of curing {unknown}
Comestibles
 c - 8 rations
 g - 2 chunks of flesh


   Skills:
 + Level 1.7 Fighting
 + Level 4.2 Dodging
 - Level 1.7 Stealth
 * Level 5.8 Spellcasting
 * Level 4.2 Conjurations
 * Level 6.6 Ice Magic


You had 3 spell levels left.
You knew the following spells:

 Your Spells              Type           Power        Failure   Level  Hunger
a - Freeze                Ice            ####         1%          1    None
b - Frozen Ramparts       Ice            ####..       2%          3    ##.....
c - Ozocubu's Armour      Chrm/Ice       ###.....     10%         3    ##.....
d - Hailstorm             Conj/Ice       ###.....     13%         4    ####...
e - Summon Ice Beast      Ice/Summ       ###.....     30%         4    ####...

Your spell library contained the following spells:

 Spells                   Type           Power        Failure   Level  Hunger


Dungeon Overview and Level Annotations

Branches:
Dungeon (6/15)
 Temple: D:4-7

Altars:
Dithmenos
Hepliaklqana
Makhleb
Nemelex Xobeh
Qazlal
Ru
Zin


Innate Abilities, Weirdness & Mutations

You have claws for feet.
Your flesh is cold resistant. (rC+)
Your muscles are strong. (Str +2)


Message History

* * * LOW HITPOINT WARNING * * *
The wall freezes the centaur.
The centaur shoots an arrow.
The arrow barely misses you.
The wall freezes the orc warrior!
The wall freezes the centaur.
The centaur shoots an arrow.
The arrow closely misses you.
You feel sick.
The wall freezes the orc.
The wall freezes the orc warrior.
Casting: Frozen Ramparts (dangerous; 2% risk of failure)
Confirm with . or Enter, or press ? or * to list all spells.
A cannonade of hail descends around you!
The hail pelts the orc warrior!
The orc warrior is severely wounded.
The wall freezes the orc.
You kill the orc!
The wall freezes the orc warrior.
You hit the orc warrior but do no damage.
The orc warrior is poisoned.
Your kick misses the orc warrior.
The orc warrior is severely wounded.
The frozen ramparts melt away.
The orc warrior hits you with a +0 battleaxe!
You die...

#$###(#.###.#..
#..%..#.....#..
#..c((#.....
#$###.#.....
#.[.(.#...##
#.....#c......#
#.###.#(...##.#
..#....o#....##.
.......@..(......
..........#..##.#
.................
#.##..#...#..##.#
# #...#(###.... #
..#..... .###
###.##### # #.


You could see an orc warrior (poisoned).

Vanquished Creatures
  Sigmund (D:6)
  An orc warrior (D:5)
  An ice beast (D:6)
  A phantom (D:6)
  A sky beast (D:5)
  2 ogres
  A big kobold (D:5)
  A water moccasin zombie (D:5)
  A scorpion (D:5)
  A crimson imp (D:3)
  A bullfrog zombie (D:5)
  3 hounds
  A jelly (D:5)
  2 orc priests (D:4)
  2 orc wizards (D:4)
  Jessica (D:2)
  An iguana (D:4)
  4 worker ants
  3 hound zombies (D:6)
  A hound skeleton (D:6)
  A howler monkey zombie (D:5)
  5 adders
  A shadow imp (D:5)
  An adder zombie (D:6)
  An adder skeleton (D:5)
  A worm (D:4)
  A dart slug (D:2)
  4 leopard geckos
  16 orcs
  6 giant cockroaches
  8 goblins
  8 hobgoblins
  2 jackals (D:3)
  3 quokkas
  5 bats
  4 frilled lizards
  17 kobolds
  5 rats
119 creatures vanquished.

Vanquished Creatures (others)
  4 toadstools (D:1)
4 creatures vanquished.

Grand Total: 123 creatures vanquished

Notes
Turn   | Place    | Note
-------+----------+-------------------------------------------
     0 | D:1      | DerDa the Demonspawn Ice Elementalist began the quest for
                  | the Orb.
     0 | D:1      | Reached XP level 1. HP: 13/13 MP: 3/3
   144 | D:1      | Gained mutation: You have sharp toenails. [demonic
                  | ancestry]
   144 | D:1      | Reached XP level 2. HP: 8/19 MP: 0/5
  1069 | D:2      | Reached skill level 4 in Ice Magic
  1160 | D:2      | Gained mutation: You have razor-sharp toenails. [demonic
                  | ancestry]
  1160 | D:2      | Reached XP level 3. HP: 24/24 MP: 1/6
  1417 | D:2      | Noticed Jessica
  1429 | D:2      | Learned a level 3 spell: Frozen Ramparts
  1442 | D:2      | Learned a level 3 spell: Ozocubu's Armour
  1578 | D:2      | Killed Jessica
  1918 | D:3      | Reached XP level 4. HP: 30/30 MP: 6/8
  2086 | D:3      | Found a glowing silver altar of Zin.
  2250 | D:3      | Found a stormy altar of Qazlal.
  2403 | D:3      | Found a burning altar of Makhleb.
  2407 | D:3      | Reached XP level 5. HP: 35/35 MP: 7/10
  2464 | D:3      | Found a shadowy altar of Dithmenos.
  2793 | D:3      | Found a sparkling altar of Nemelex Xobeh.
  2958 | D:4      | Noticed an ogre
  2973 | D:4      | Killed an ogre
  2973 | D:4      | Reached skill level 5 in Ice Magic
  2973 | D:4      | Reached XP level 6. HP: 41/41 MP: 5/12
  3047 | D:4      | Learned a level 4 spell: Hailstorm
  3269 | D:4      | Found a sacrificial altar of Ru.
  3302 | D:4      | Reached skill level 1 in Conjurations
  3771 | D:5      | Entered Level 5 of the Dungeon
  3987 | D:4      | Reached XP level 7. HP: 46/46 MP: 9/13
  4320 | D:5      | Found a hazy altar of Hepliaklqana.
  4592 | D:5      | Learned a level 4 spell: Summon Ice Beast
  4944 | D:5      | Reached skill level 5 in Spellcasting
  5291 | D:5      | Reached skill level 6 in Ice Magic
  5861 | D:6      | Gained mutation: Your flesh is cold resistant. (rC+)
                  | [demonic ancestry]
  5861 | D:6      | Reached XP level 8. HP: 19/53 MP: 11/16
  6074 | D:6      | Noticed Sigmund
  6101 | D:6      | HP: 2/53 [ogre/+0 giant club (29)]
  6103 | D:6      | Gained mutation: You have claws for feet. [potion of
                  | mutation]
  6103 | D:6      | Gained mutation: Armour fits poorly on your strangely
                  | shaped body. [potion of mutation]
  6103 | D:6      | Lost mutation: Armour fits poorly on your strangely shaped
                  | body. [potion of mutation]
  6103 | D:6      | Gained mutation: Your muscles are strong. (Str +2) [potion
                  | of mutation]
  6110 | D:6      | Killed Sigmund
  6110 | D:6      | Reached skill level 1 in Fighting
  6230 | D:6      | Noticed a cyclops
  6449 | D:6      | HP: 1/55 [centaur/arrow (8)]
  6455 | D:6      | Slain by an orc warrior

Illustrated notes

Levels and vault maps discovered:
D:1:      ldierk_water_garden, layout_rooms,
          wander_ebering_terrifying_dragon_lair
D:2:      layout_loops_ring, uniq_jessica
D:3:      layout_basic, nicolae_qazlal_general_emergency,
          nicolae_overflow_hidden_temple, lemuel_crystal_altar,
          makhleb_grotto_becter, lemuel_coloured_pillars_altar, fountainhead
D:4:      layout_cave_pods, hangedman_ru_absence
D:5:      layout_basic, kennysheep_mini_moat, first_ration
D:6:      hangedman_cross_stitches, layout_loops_cross, old_standard_altar,
          temple_hall, uniq_sigmund

Skill      XL: |  1  2  3  4  5  6  7  8 |
---------------+-------------------------+-----
Dodging        | 2 3 4 |  4.2
Ice Magic      | 4 5 6 |  6.6
Spellcasting   | 3 4 5 |  5.8
Conjurations   | 1 3 4 |  4.2
Fighting       | 1 |  1.7
Stealth        | |  1.7

Action                   |  1- 3 |  4- 6 |  7- 9 || total
-------------------------+-------+-------+-------++-------
Melee: Spear             |    42 |    47 |       ||    89
       Unarmed           |     1 |       |       ||     1
       Kick              |     3 |       |    17 ||    20
       Hand axe          |       |     3 |   170 ||   173
 Cast: Freeze            |    47 |    56 |     4 ||   107
       Frozen Ramparts   |       |     6 |     6 ||    12
       Ozocubu's Armour  |       |     1 |     3 ||     4
       Hailstorm         |       |       |     3 ||     3
  Use: Potion            |       |       |     5 ||     5
 Stab: Sleeping          |     4 |     2 |     1 ||     7
  Eat: Chunk             |     3 |     7 |     6 ||    16
       Ration            |       |       |     1 ||     1
Armor: Robe              |    14 |    28 |    38 ||    80
Dodge: Dodged            |    36 |    55 |   177 ||   268

Table legend:
 A = Non-vault XP
 B = Vault XP
 C = Vault XP percentage of total XP
 D = Non-vault monster count
 E = Vault monster count
 F = Vault count percentage of total count
                 A         B        C        D         E       F
            +---------+---------+-------+---------+---------+-------
      Total |    1756 |     455 |  20.6 |     108 |      11 |   9.2
            +---------+---------+-------+---------+---------+-------
        D:1 |      26 |       3 |  10.3 |      15 |       1 |   6.2
        D:2 |      29 |      37 |  56.1 |      17 |       1 |   5.6
        D:3 |     141 |      48 |  25.4 |      26 |       1 |   3.7
        D:4 |     461 |       0 |   0.0 |      20 |       0 |   0.0
        D:5 |     665 |       0 |   0.0 |      24 |       0 |   0.0
        D:6 |     434 |     367 |  45.8 |       6 |       8 |  57.1
            +---------+---------+-------+---------+---------+-------
